Match 45840590
Unlisted

Match 45840590
End
Royal Engineer Section
Construct Section Command Post
Construct Section Command Post
Selects Air and Sea Battlegroup
Infantry Section
Infantry Section
Vickers Machine Gun Team
Construct Platoon Command Post
Selects Commando Section Paradrop
Commando Section Paradrop
Humber Armored Car
Unlock M3 Stuart Light Tanks
M3 Stuart Light Tank
Infantry Section
Infantry Section
Construct Field Infirmary
Selects Commando Support Section Paradrop
Infantry Training
Selects Anti-tank Rocket Loiter
Grenade Package
Construct Company Command Post
Unlock M3 Grant Medium Tanks
6-pounder Anti-tank Gun Team
M3 Grant Medium Tank
Mika
Fajolada
0
0

Comments sign in to comment!

No comments posted yet!